 Dungeon Crawl Stone Soup version 0.32-a0-607-g64ea0e4219 (webtiles) character file.

Game seed: 9411421637846381320

188 GottStarb the Magician (level 5, -1/41 HPs)
             Began as a Draconian Wanderer on Mar 3, 2024.
             Killed by divine providence
             ... invoked by an orc priest
              (16 damage)
             ... on level 4 of the Dungeon.
             The game lasted 00:05:31 (3592 turns).

GottStarb the Magician (Draconian Wanderer)         Turns: 3592, Time: 00:05:31

Health: -1/41      AC:  5    Str: 13    XL:     5   Next: 39%
Magic:  8/11       EV: 16    Int: 17    God:
Gold:   203        SH:  0    Dex:  9    Spells: 9/13 levels left

rFire   . . .        c - +1 lajatang (vamp)
rCold   . . .        (shield currently unavailable)
rNeg    . . .        (body armour unavailable)
rPois   .            (helmet restricted)
rElec   .            g - scarf {harm}
rCorr   .            (no gloves)
SInv    .            (no boots)
Will    .....        (no amulet)
Stlth   ++           o - +5 ring of evasion
HPRegen 0.26/turn    (no ring)
MPRegen 0.12/turn

%: harm (+30% outgoing, +20% incoming)
@: lethally poisoned (-1 -> -4)
A: AC +5, unfitting armour, cold-blooded
a: Convert to Beogh


You were on level 4 of the Dungeon.
You visited 1 branch of the dungeon, and saw 4 of its levels.

You collected 203 gold pieces.

Inventory:

Hand Weapons
 a - a +0 club
 c - a +1 vampiric lajatang (weapon)
 d - a +0 long sword
Missiles
 k - a throwing net
Armour
 g - a scarf of harm (worn)
Jewellery
 j - a ring of ice
 o - a +5 ring of evasion (left hand)
 v - an amulet of reflection
Wands
 w - a wand of warping (8)
 x - a wand of flame (29)
 y - a wand of charming (5)
Scrolls
 b - 3 scrolls of fog {@r2}
 e - a scroll of butterflies {unknown}
 f - 2 scrolls of noise {unknown}
 i - a scroll of vulnerability {unknown}
 l - a scroll of revelation {unknown}
 m - a scroll of silence {unknown}
 n - a scroll of identify {unknown}
 p - a scroll of immolation {unknown}
 q - 3 scrolls of teleportation {unknown}
 s - a scroll of torment {unknown}
Potions
 h - 2 potions of haste {unknown}
 r - a potion of magic {unknown}
 t - a potion of ambrosia {unknown}
 u - a potion of mutation {unknown}
 z - a potion of attraction {unknown}


   Skills:
 - Level 2.0 Fighting
 - Level 2.0 Stealth
 - Level 3.3 Shields
 + Level 4.5 Spellcasting
 * Level 2.1 Conjurations
 - Level 3.0 Necromancy
 * Level 2.0 Earth Magic


You had 9 spell levels left.
You knew the following spells:

 Your Spells              Type           Power      Damage    Failure   Level
a - Necrotise             Necr           56%        1d6       4%          1
s - Stone Arrow           Conj/Erth      20%        3d8       19%         3

Your spell library contained the following spells:

 Spells                   Type           Power      Damage    Failure   Level
 Sandblast                Erth           20%        2d7       6%          1
 Sting                    Conj/Alch      28%        1d4       10%         1
 Fugue of the Fallen      Necr           14%        N/A       13%         3
 Apportation              Tloc           6%         N/A       16%         1
 Summon Small Mammal      Summ           12%        N/A       16%         1
 Passwall                 Erth           10%        N/A       19%         3
 Brom's Barrelling Bould  Conj/Erth      10%        2d3       54%         4
 Martyr's Knell           Necr/Summ      8%         N/A       63%         4


Dungeon Overview and Level Annotations

Branches:
Dungeon (4/15)
 Temple: D:4-7

Altars:
Ru
Xom

Shops:
D:3 :

Annotations:
D:3 ignis


Innate Abilities, Weirdness & Mutations

Your plain brown scales are hard. (AC +5)
You cannot fit into any form of body armour.
You are cold-blooded and may be slowed by cold attacks.


Message History

The hound writhes in agony.
The hound closely misses you. The hound barely misses you.
You miscast Necrotise.
You are very lightly contaminated with residual magic.
Nothing appears to happen.
The hound closely misses you.
A quokka comes into view.
The hound writhes in agony.
The hound bites you. The orc barely misses you. The hound bites you. x2
The hound writhes in agony.
The hound bites you but does no damage. The hound closely misses you.
You slash the hound!
You kill the hound!
The hound misses you.
An endoplasm comes into view.
The hound bites you. The orc misses you. The orc priest closely misses you.
The orc priest invokes the aid of Beogh against you.
Pain shoots through your body! The hound closely misses you.
The orc misses you.
The orc priest shouts, "Surrender to Beogh and we'll let you live!" (press Y on the ability menu to convert to Beogh)
Your Conjurations skill increases to level 2!
Your Earth Magic skill increases to level 2!
The hound attacks as it pursues you! The hound barely misses you.
The orc priest casts a cantrip, but nothing happens.
The hound closely misses you. The hound attacks as it pursues you!
The hound misses you.
Your magical contamination has completely faded away.
The orc attacks as it pursues you!
The orc hits you with a +0 hand axe of venom.
You are poisoned.
You feel very sick. The hound barely misses you.
You feel sick.
The hound pauses to sniff the ground.
You feel sick. The hound misses you.
There is a stone staircase leading up here.
You feel sick. The hound misses you.
The orc priest calls down the wrath of Beogh upon you.
Beogh smites you!
You die...

#. ...# ..g. ...
... ..... #.. ..#
.....##.# ..#
#...#..##..#
..........#
##.......#
.....#......@##
.....###..oh..#
.....###...#...##
.$....#..o##....#
......##.r.#....#
.......##.......#
#......#.r.....##
#.....†.o..#...#
...........##.##


You could see a hound, an orc priest, an orc and a quokka.

Vanquished Creatures
  A hound (D:4)
  A sleepcap (D:4)
  Robin (D:3)
  5 adders
  3 dart slugs
  2 ribbon worms (D:2)
  4 ball pythons
  5 bats
  6 endoplasms
  9 goblins
  8 hobgoblins
  5 jackals
  3 kobolds
  2 quokkas
  5 frilled lizards
  3 rats
63 creatures vanquished.

Vanquished Creatures (collateral kills)
  An endoplasm (D:1)
  A ball python (D:2)
2 creatures vanquished.

Grand Total: 65 creatures vanquished

Notes
Turn   | Place    | Note
-------+----------+-------------------------------------------
     0 | D:1      | GottStarb the Draconian Wanderer began the quest for the
                  | Orb.
     0 | D:1      | GottStarb set off with the following items: a +0 club, a
                  | scroll of fog {@r2}, a +0 buckler; and the following spell
                  | memorised: Necrotise; and the following spells available to
                  | memorise: Fugue of the Fallen, Martyr's Knell.
     0 | D:1      | Reached XP level 1. HP: 14/14 MP: 5/5
   241 | D:1      | Reached XP level 2. HP: 22/22 MP: 5/7
   331 | D:1      | Reached skill level 1 in Fighting
   405 | D:1      | Reached skill level 1 in Stealth
   975 | D:2      | Reached XP level 3. HP: 15/29 MP: 1/8
  1381 | D:2      | Learned a level 3 spell: Stone Arrow
  2135 | D:2      | Found a sacrificial altar of Ru.
  2353 | D:3      | Reached XP level 4. HP: 35/36 MP: 5/10
  2551 | D:3      | Reached skill level 1 in Conjurations
  2707 | D:3      | Found a shimmering altar of Xom.
  2904 | D:3      | Reached skill level 1 in Earth Magic
  2950 | D:3      | Found Vohojol's Book Boutique.
  3151 | D:3      | Found a faded altar of an unknown god.
  3492 | D:3      | Noticed Robin
  3521 | D:3      | Killed Robin
  3576 | D:4      | Reached XP level 5. HP: 41/41 MP: 11/11
  3592 | D:4      | Killed from afar by an orc priest

Illustrated notes

Levels and vault maps discovered:
D:1:      saegor_arrival_miasma, layout_basic
D:2:      layout_loops_corners, basic_altar
D:3:      layout_loops_ring, lemuel_doored_altar, serial_shops, shop,
          shapermc_ecumenical_altar_mp_urbaneastern, minmay_starry_boxes,
          uniq_robin
D:4:      layout_cave_pools, lemuel_tele_altar, general_overflow_altar

Skill      XL: |  1  2  3  4  5 |
---------------+----------------+-----
Fighting       | 1 2 |  2.0
Stealth        | 1 2 |  2.0
Conjurations   | 1 2 |  2.1
Earth Magic    | 1 2 |  2.0
Shields        | |  3.3
Spellcasting   | |  4.5
Necromancy     | |  3.0

Action                     |  1- 3 |  4- 6 || total
---------------------------+-------+-------++-------
  Melee: Club              |     5 |       ||     5
         Long sword        |     8 |     1 ||     9
         Tailslap          |     2 |     4 ||     6
         Lajatang          |       |    24 ||    24
   Cast: Necrotise         |    86 |    48 ||   134
 Armour: Skin              |    30 |    27 ||    57
  Dodge: Dodged            |    14 |    47 ||    61
  Block: Buckler           |     3 |     1 ||     4

Table legend: (Time is in decaauts)
 A = Elapsed time spent in this place.
 B = Non-inter-level travel time spent in this place.
 C = Inter-level travel time spent in this place.
 D = Time resting spent in this place.
 E = Time spent auto-exploring this place.
 F = Levels seen in this place.
 G = Mean time per level.
                   A        B        C        D        E       F      G
               +--------+--------+--------+--------+--------+-----+--------+
         Total |   3604 |   3364 |    240 |    128 |   2777 |   4 |  901.0 |
       Dungeon |   3604 |   3364 |    240 |    128 |   2777 |   4 |  901.0 |
               +--------+--------+--------+--------+--------+-----+--------+

Top non-repeatable levels by time:
     D:2: 1464 daAuts
     D:3: 1265 daAuts
     D:1: 846 daAuts
     D:4: 27 daAuts
